 Dungeon Crawl Stone Soup version 0.16-a0-286-g6bac339 (webtiles) character file.

425 Kashira the Stinger (level 6, -5/33 HPs)
             Began as a Tengu Venom Mage on Aug 28, 2014.
             Was an Initiate of Ashenzari.
             Slain by a centaur (7 damage)
             ... on Level 4 of the Dungeon.
             The game lasted 00:26:37 (3631 turns).

Kashira the Stinger (Tengu Venom Mage)              Turns: 3631, Time: 00:26:37

HP  -5/33        AC  4     Str  8      XL: 6   Next: 96%
MP  17/17        EV 13     Int 17      God: Ashenzari [......]
Gold 199         SH  0     Dex 15      Spells:  3 memorised,  6 levels left

rFire  . . .     SeeInvis .     e - -3 short sword (curse)
rCold  . . .     Clarity  .     a - +0 robe
rNeg   + . .     rCorr    .     (no shield)
rPois  .         rRot     .     (helmet restricted)
rElec  .         Spirit   .     (no cloak)
SustAb .         Warding  .     j - +1 pair of gloves (curse)
rMut   .         Stasis   .     (boots unavailable)
Gourm  +                        o - cursed amulet of the gourmand
MR     .....                    (no ring)
                                A - ring of positive energy

@: not resistant to hostile enchantments, unstealthy
A: able to fly, beak, talons 3
a: Fly, Renounce Religion


You were on level 4 of the Dungeon.
You worshipped Ashenzari.
Ashenzari was noncommittal.
You were not hungry.

You visited 1 branch of the dungeon, and saw 5 of its levels.

You collected 199 gold pieces.

Inventory:

Hand weapons
 e - a cursed -3 short sword (weapon)
 k - a +0 club
 x - a +4 short sword
Missiles
 d - 2 stones (quivered)
 t - 18 steel sling bullets
Armour
 a - a +0 robe (worn)
 j - a cursed +1 pair of gloves (worn)
 q - a +0 helmet
Comestibles
 c - 2 bread rations
 r - a meat ration
 u - a chunk of hobgoblin flesh
Scrolls
 f - a scroll of identify
 h - a scroll of fear
 i - a scroll of remove curse
 s - a scroll of magic mapping
 y - a scroll of curse weapon
Jewellery
 o - a cursed amulet of the gourmand (around neck)
 A - a ring of positive energy (left hand)
Potions
 l - a potion of brilliance {unknown}
 m - a potion of restore abilities
 n - a potion of lignification {unknown}
 p - a potion of agility {unknown}
 w - a potion of curing
 z - a potion of might {unknown}
Books
 b - a Young Poisoner's Handbook

   Spells                             Type                      Level
   *Sting                             Conjuration/Poison           1
   *Cure Poison                       Poison                       2
   Mephitic Cloud                     Conjuration/Poison/Air       3
   *Olgreb's Toxic Radiance           Poison                       4
   Venom Bolt                         Conjuration/Poison           5


   Skills:
 + Level 0.8 Fighting
 + Level 3.0 Dodging
 + Level 2.4 Stealth
 + Level 4.0 Spellcasting
 + Level 3.4 Conjurations
 + Level 5.8 Poison Magic


You had 6 spell levels left.
You knew the following spells:

 Your Spells              Type           Power        Failure   Level  Hunger
a - Sting                 Conj/Pois      ###.         2%          1    None
b - Cure Poison           Pois           ###.......   2%          2    ##.....
c - Olgreb's Toxic Radia  Pois           ###.....     17%         4    ####...


Dungeon Overview and Level Annotations

Branches:
Dungeon (5/15)
 Temple: D:4-7

Altars:
Ashenzari

Shops:
D:4 *


Innate Abilities, Weirdness & Mutations

You can fly.
You have a beak for a mouth.
You have claws for feet.


Message History

The centaur misses you.
There is a stone staircase leading up here.
Read which item? (? for menu, Esc to quit)
Okay, then.
You aren't carrying any items that can be evoked.
Use which ability? (? or * to list)
You fail to use your ability.
The centaur closely misses you. The centaur hits you!
* * * LOW HITPOINT WARNING * * *
The centaur hits you but does no damage.
You climb upwards.
There is a stone staircase leading down here.
The centaur hits you but does no damage.
The centaur hits you.
* * * LOW HITPOINT WARNING * * *
The centaur hits you but does no damage.
The centaur barely misses you. The centaur closely misses you.
The centaur hits you!
You die...

##.##.# #...#.#.######
♣♣.♣
...##.######>......#
♣♣.♣♣
#####.....##.###.#.##
♣.♣♣ #########.##.#
#.#..# ♣.♣
#.....).#.##.# #.#..#
♣.♣ #.#.......##.#
#.#..## ♣.♣
#.#..#######.# #.#...#
♣.♣ #.#.....)....#
#c#.#.# ♣♣.♣
..#(############@#.#.#
♣♣.♣♣
###.)..o(g.....#.#.#.#
♣.♣♣
########...........#
♣♣.♣
*<..,,#.8.8.8......#
♣♣.♣
***#.##..⌠.⌠.[.....#
♣..♣ #....8.∩.8......#
♣.♣♣ #.....⌠.⌠.......#
♣W♣ ♣♣♣
#.##.8(8.8#####.#
♣.♣♣♣♣.♣♣
#.*##........##.#
♣...♣....


You could see a centaur.

Vanquished Creatures
  A scorpion (D:4)
  2 hounds (D:4)
  An orc priest (D:4)
  An iguana (D:4)
  5 worker ants (D:4)
  Ijyb (D:4)
  4 adders
  A giant mite (D:3)
  A worm (D:4)
  An adder zombie (D:4)
  7 orcs
  5 bats
  2 giant cockroaches
  6 goblins
  7 hobgoblins
  A jackal (D:4)
  3 quokkas (D:4)
  3 ball pythons
  4 giant geckos
  A giant gecko skeleton (D:4)
  6 giant newts
  10 kobolds
  6 rats
79 creatures vanquished.

Notes
Turn   | Place    | Note
--------------------------------------------------------------
     0 | D:1      | Kashira, the Tengu Venom Mage, began the quest for the Orb.
     0 | D:1      | Reached XP level 1. HP: 10/10 MP: 3/3
   261 | D:1      | Reached XP level 2. HP: 10/15 MP: 1/5
   688 | D:1      | Learned a level 2 spell: Cure Poison
   743 | D:2      | Reached XP level 3. HP: 19/19 MP: 2/7
   810 | D:2      | Reached skill level 1 in Conjurations
  1541 | D:3      | Found a shattered altar of Ashenzari.
  1548 | D:3      | Became a worshipper of Ashenzari the Shackled
  1740 | D:3      | Reached XP level 4. HP: 20/24 MP: 3/9
  2172 | D:4      | Noticed a phantom
  2238 | D:3      | Reached skill level 5 in Poison Magic
  2547 | D:4      | Reached XP level 5. HP: 28/28 MP: 5/13
  2745 | D:4      | Reached XP level 6. HP: 32/32 MP: 3/15
  2759 | D:4      | Learned a level 4 spell: Olgreb's Toxic Radiance
  2974 | D:4      | Noticed a phantom
  3025 | D:4      | Found Criasm's General Store.
  3410 | D:4      | Noticed Ijyb
  3458 | D:4      | Killed Ijyb
  3579 | D:5      | Entered Level 5 of the Dungeon
  3623 | D:4      | HP: 1/33 [centaur (4)]
  3631 | D:4      | Slain by a centaur

Action                   |  1- 3 |  4- 6 || total
-------------------------+-------+-------++-------
Melee: Short sword       |     8 |    28 ||    36
Throw: Stone             |     1 |       ||     1
 Cast: Sting             |    56 |   121 ||   177
       Cure Poison       |     1 |     2 ||     3
 Abil: Fly               |       |     1 ||     1
  Use: Scroll            |     1 |     9 ||    10
       Potion            |     1 |     2 ||     3
  Eat: Chunk             |     3 |     7 ||    10
